 Dungeon Crawl Stone Soup version 0.28-a0-476-g0f06bd746f (webtiles) character file.

Game seed: 9150341734159967248

233 Spaninq the Gusty (level 6, 0/59 HPs)
             Began as an Ogre Air Elementalist on Sept 16, 2021.
             Succumbed to a hornet's poison
             ... on level 4 of the Dungeon.
             The game lasted 00:10:40 (4387 turns).

Spaninq the Gusty (Ogre Air Elementalist)           Turns: 4387, Time: 00:10:41

Health: 0/59       AC:  3    Str: 13    XL:     6   Next: 4%
Magic:  8/11       EV:  9    Int: 18    God:
Gold:   145        SH:  0    Dex:  9    Spells: 5/12 levels left

rFire   . . .      SeeInvis .   m - +0 dagger (venom)
rCold   . . .      Faith    .   (no shield)
rNeg    . . .      Spirit   .   a - +0 robe
rPois   .          Reflect  .   (helmet restricted)
rElec   .          Harm     .   (no cloak)
rCorr   .          Rampage  .   (gloves unavailable)
Will    .....                   (boots unavailable)
Stlth   +.........              (no amulet)
HPRegen 0.19/turn               (no ring)
MPRegen 0.12/turn               (no ring)

@: lethally poisoned (0 -> -9), slowed, very slow
A: large, unfitting armour, tough skin 1
a: no special abilities


You were on level 4 of the Dungeon.
You visited 1 branch of the dungeon, and saw 4 of its levels.

You collected 145 gold pieces.

Inventory:

Hand Weapons
 m - a +0 dagger of venom (weapon)
Armour
 a - a +0 robe (worn)
Jewellery
 n - a ring of magical power
Scrolls
 b - 3 scrolls of teleportation {unknown}
 d - 4 scrolls of identify {unknown}
 e - 2 scrolls of holy word {unknown}
 f - a scroll of acquirement {unknown}
 h - a scroll of blinking {unknown}
 i - a scroll of noise {unknown}
 k - a scroll of enchant armour {unknown}
Potions
 c - 2 potions of haste {unknown}
 g - a potion of curing {unknown}
 j - 2 potions of lignification {unknown}
 l - a potion of flight {unknown}
 o - a potion of mutation {unknown}
 p - a potion of ambrosia {unknown}


   Skills:
 + Level 2.4 Fighting
 - Level 1.7 Dodging
 - Level 1.4 Stealth
 + Level 3.5 Spellcasting
 * Level 3.0 Conjurations
 * Level 4.1 Air Magic


You had 5 spell levels left.
You knew the following spells:

 Your Spells              Type           Power      Damage    Failure   Level
a - Shock                 Conj/Air       64%        1d7       3%          1
b - Static Discharge      Conj/Air       16%        N/A       5%          2
c - Airstrike             Air            8%         N/A       28%         4

Your spell library contained the following spells:

 Spells                   Type           Power      Damage    Failure   Level
 Swiftness                Air            17%        N/A       9%          3


Dungeon Overview and Level Annotations

Branches:
Dungeon (4/15)
 Temple: D:4-7

Altars:

Shops:
D:1 ?

Annotations:
D:4 Menkaure, Robin


Innate Abilities, Weirdness & Mutations

You are too large for most types of armour.
You have tough skin. (AC +1)


Message History

Casting: Static Discharge (safe; 5% risk of failure)
Confirm with . or Enter, or press ? or * to list all spells.
Aiming: Shock (safe; 3% risk of failure)
Press: ? - help, Shift-Dir - straight line The zap hits the hornet.
The hornet is lightly wounded.
The zap misses the hornet.
The hornet barely misses you.
Menkaure, Prince of Dust comes into view.
The hornet stings you!
You feel yourself slow down.
Casting: Shock (safe; 3% risk of failure)
Confirm with . or Enter, or press ? or * to list all spells.
The hornet is struck by an arc of lightning.
The hornet is lightly wounded.
You are struck by an arc of lightning.
The lightning grounds out.
Menkaure shouts!
You feel yourself speed up. The hornet stings you!
You feel yourself slow down.
Menkaure calls on the powers of darkness!
Your body is wracked with pain!
* * * LOW HITPOINT WARNING * * *
The hornet stings you.
* * * LOW HITPOINT WARNING * * *
You are lethally poisoned!
You feel as though you will be slow longer.
You miss the hornet.
The hornet is lightly wounded.
* * * LOW HITPOINT WARNING * * *
You feel very sick. The hornet barely misses you.
Robin throws the goblin at you!
* * * LOW HITPOINT WARNING * * *
Menkaure calls on the powers of darkness!
Your body is wracked with pain!
* * * LOW HITPOINT WARNING * * *
The hornet misses you. The goblin hits you with a +0 dagger.
* * * LOW HITPOINT WARNING * * *
Okay, then.
Okay, then.
You closely miss the hornet.
The hornet is lightly wounded.
You die...

[.#.##..## #### #.
#.##.## .... .)
#.##.# #.. ##y
##.##.## #...##..
##......## ##..#([
##........##
#.....####..........#
#...g.y.g........#
##.####@.........#
#.# #..........# ..#
#..........# ....
...........##
g..######........#
.g#. .......... g....
....... ........^...)
...M... >.........).


You could see a hornet, Menkaure, Robin and a goblin (strong).

Vanquished Creatures
  A bullfrog zombie (D:3)
  A hound (D:4)
  Jessica (D:2)
  An iguana (D:2)
  4 adders
  6 worms
  2 dart slugs
  5 endoplasms
  3 giant cockroaches
  9 goblins
  5 hobgoblins
  5 kobolds
  3 quokkas
  4 ball pythons
  9 bats
  A frilled lizard (D:3)
  2 rats (D:1)
62 creatures vanquished.

Notes
Turn   | Place    | Note
-------+----------+-------------------------------------------
     0 | D:1      | Spaninq the Ogre Air Elementalist began the quest for the
                  | Orb.
     0 | D:1      | Reached XP level 1. HP: 16/16 MP: 3/3
   178 | D:1      | Reached skill level 1 in Conjurations
   466 | D:1      | Reached XP level 2. HP: 26/26 MP: 2/5
   661 | D:1      | Found Avvahes's Magic Scroll Shoppe.
   719 | D:1      | Learned a level 2 spell: Static Discharge
  1004 | D:1      | Reached skill level 3 in Air Magic
  1310 | D:2      | Reached skill level 1 in Fighting
  1310 | D:2      | Reached XP level 3. HP: 10/33 MP: 1/7
  2041 | D:2      | Reached XP level 4. HP: 41/41 MP: 3/8
  2131 | D:2      | Noticed Jessica
  2137 | D:2      | Killed Jessica
  3162 | D:3      | Reached XP level 5. HP: 41/49 MP: 3/9
  3727 | D:3      | Found a faded altar of an unknown god.
  4134 | D:4      | Noticed Robin
  4194 | D:4      | Reached skill level 4 in Air Magic
  4265 | D:4      | Reached XP level 6. HP: 45/59 MP: 1/11
  4346 | D:4      | Learned a level 4 spell: Airstrike
  4378 | D:4      | Noticed a hornet
  4384 | D:4      | Noticed Menkaure
  4387 | D:4      | Succumbed to a hornet's poison

Illustrated notes

Levels and vault maps discovered:
D:1:      lightli_arrival_chessboard, layout_basic, serial_shops, shop,
          minmay_close_crescents
D:2:      layout_basic, kennysheep_jessica_study
D:3:      layout_rooms, serial_forest, infiniplex_forest_straight_3,
          infiniplex_forest_clump_small, infiniplex_forest_clump_medium,
          infiniplex_forest_lined_3, infiniplex_forest_clump_curved,
          infiniplex_forest_end_3, infiniplex_forest_lined_2,
          ebering_ecumenical_altar_box, minmay_misc_feat_roman,
          amethyst_killhole, st_stairs_10
D:4:      layout_rooms, jmf_multi_god_temple, uniq_menkaure, uniq_robin,
          uniq_ijyb

Skill      XL: |  1  2  3  4  5 |
---------------+----------------+-----
Conjurations   | 1 2 3 |  3.0
Air Magic      | 3 4 |  4.1
Fighting       | 1 2 |  2.4
Spellcasting   | 3 |  3.5
Dodging        | |  1.7
Stealth        | |  1.4

Action                   |  1- 3 |  4- 6 || total
-------------------------+-------+-------++-------
Melee: Unarmed           |    11 |       ||    11
       Dagger            |       |    20 ||    20
       Rapier            |       |     1 ||     1
 Cast: Shock             |    67 |    89 ||   156
       Static Discharge  |       |     3 ||     3
 Stab: Sleeping          |       |     1 ||     1
Armor: Robe              |    23 |    15 ||    38
Dodge: Dodged            |    24 |    27 ||    51

Table legend: (Time is in decaauts)
 A = Elapsed time spent in this place.
 B = Non-inter-level travel time spent in this place.
 C = Inter-level travel time spent in this place.
 D = Time resting spent in this place.
 E = Time spent auto-exploring this place.
 F = Levels seen in this place.
 G = Mean time per level.
                   A        B        C        D        E       F      G
               +--------+--------+--------+--------+--------+-----+--------+
         Total |   4388 |   4275 |    113 |   1043 |   2632 |   4 | 1097.0 |
       Dungeon |   4388 |   4275 |    113 |   1043 |   2632 |   4 | 1097.0 |
               +--------+--------+--------+--------+--------+-----+--------+

Top non-repeatable levels by time:
     D:2: 1834 daAuts
     D:1: 1251 daAuts
     D:3: 1093 daAuts
     D:4: 209 daAuts
